 Dungeon Crawl Stone Soup version 0.22.1-2-g9c5b331383 (webtiles) character file.

19874 Marnok the Carver (level 12, -4/106 HPs)
             Began as a Minotaur Fighter on Dec 27, 2018.
             Was a Follower of Uskayaw.
             Slain by a shambling mangrove (33 damage)
             ... on level 1 of the Swamp.
             The game lasted 01:03:23 (12168 turns).

Marnok the Carver (Minotaur Fighter)               Turns: 12168, Time: 01:03:23

Health: -4/106     AC: 16    Str: 20    XL:     12   Next: 40%
Magic:  11/11      EV: 10    Int:  5    God:    Uskayaw [*.....]
Gold:   786        SH: 13    Dex: 14    Spells: 11/11 levels left

rFire    . . .     SeeInvis .   a - +2 long sword
rCold    . . .     Gourm    .   c - +0 shield
rNeg     . . .     Faith    .   u - +1 scale mail {rPois}
rPois    +         Spirit   .   h - +1 hat
rElec    .         Reflect  .   (no cloak)
rCorr    .         Harm     .   v - +0 pair of gloves
MR       .....                  (no boots)
Stlth    +.........             z - amulet of regeneration
HPRegen  0.27/turn              g - +4 ring of protection
MPRegen  0.12/turn              O - +2 ring of slaying

@: grasped by roots, very slow
A: retaliatory headbutt, horns 2, repulsion field 1, clumsy 1, poison
resistance, screaming 1
a: Stomp, Renounce Religion


You were on level 1 of the Swamp.
You worshipped Uskayaw.
Uskayaw was noncommittal.
You were hungry.

You visited 3 branches of the dungeon, and saw 17 of its levels.
You also visited: Ossuary.

You collected 786 gold pieces.

Inventory:

Hand Weapons
 a - a +2 long sword (weapon)
 b - the +2 hand crossbow "Wumm" {penet, +Inv rElec Str-3 Stlth+}
   (You found it on level 4 of the Dungeon)

   Ammo fired by it will pass through the targets it hits, potentially hitting
   all targets in its path until it reaches maximum range.
   It affects your strength (-3).
   It insulates you from electricity.
   It lets you turn invisible.
   It makes you more stealthy.
 o - a +2 trident of protection
 s - a +2 dagger of venom
 y - a +0 whip of electrocution
 Q - a +2 dagger of venom
Missiles
 x - 2 throwing nets (quivered)
 E - 51 arrows
Armour
 c - a +0 shield (worn)
 e - a +0 ring mail of poison resistance
 h - a +1 hat (worn)
 u - a +1 scale mail of poison resistance (worn)
 v - a +0 pair of gloves (worn)
 J - a +0 buckler
 K - the +1 chain mail "Dyvaed" {-Tele +Fly rElec Stlth+, unknown}
   (You found it on level 1 of the Swamp)

   It insulates you from electricity.
   It lets you fly.
   It prevents most forms of teleportation.
   It makes you more stealthy.
Magical Staves
 B - an uncursed staff of poison {unknown}
Jewellery
 g - a +4 ring of protection (left hand)
 p - an uncursed amulet of the acrobat
 z - an amulet of regeneration (around neck)
 A - an uncursed ring of protection from cold
 D - an uncursed ring of resist corrosion {unknown}
 H - an uncursed amulet of harm
 I - a +5 amulet of reflection
 O - a +2 ring of slaying (right hand)
Wands
 w - a wand of clouds (2)
 M - a wand of iceblast (9)
Scrolls
 i - 3 scrolls of blinking
 k - 3 scrolls of teleportation
 l - 5 scrolls of amnesia
 r - 2 scrolls of random uselessness
 t - a scroll of fear
 C - 2 scrolls of enchant weapon
 G - a scroll of fog
 L - 2 scrolls of noise
 N - 3 scrolls of remove curse
 R - a scroll of magic mapping
 S - a scroll of identify
Potions
 d - 2 potions of agility
 j - 2 potions of resistance
 m - 4 potions of magic
 n - 3 potions of lignification
 q - a potion of flight
Comestibles
 f - 10 rations
 F - 5 chunks of flesh


   Skills:
 + Level 9.6 Fighting
 + Level 1.7(8.1) Short Blades
 + Level 13.1(13.2) Long Blades
 + Level 10.5 Armour
 + Level 7.1 Dodging
 + Level 4.6 Stealth
 + Level 12.7 Shields


You had 11 spell levels left.
You didn't know any spells.
Your spell library contained the following spells:

 Spells                   Type           Power        Failure   Level  Hunger
 Magic Dart               Conj           #...         86%         1    ##.....
 Blink                    Tloc           N/A          94%         2    ###....
 Call Imp                 Summ           #.......     94%         2    ###....
 Slow                     Hex            #.......     94%         2    ###....
 Conjure Flame            Conj/Fire      #.......     99%         3    ####...
 Mephitic Cloud           Conj/Pois/Air  #.......     99%         3    ####...


Dungeon Overview and Level Annotations

Branches:
Dungeon (10/15)            Temple (0/1) D:5            Lair (5/6) D:8
  Swamp (2/4) Lair:3
  Snake: Lair:2-4    Spider: Lair:2-4     Slime: Lair:5-6       Orc: D:9-12

Altars:
Cheibriados
Fedhas
Hepliaklqana
Nemelex Xobeh
Okawaru
Qazlal
Trog
Uskayaw
Xom
Zin

Annotations:
Lair:1 exclusion: 2 oklob plants
Lair:4 Snorg
Swamp:1 exclusion: Roxanne, Roxanne


Innate Abilities, Weirdness & Mutations

You reflexively headbutt those who attack you in melee.
You have a pair of horns on your head.
You are surrounded by a mild repulsion field. (EV +2)
You are clumsy. (Dex -2)
Your system is resistant to poisons. (rPois)
You occasionally shout uncontrollably at your foes.


Message History

There is a stone staircase leading down here.
You remove your +5 amulet of reflection.
Roots grasp at your feet, making movement difficult.
You sense that the amulet cannot attune itself to your injured body.
z - an amulet of regeneration (around neck)
The shambling mangrove hits you but does no damage.
You enter the shallow water.
Moving in this stuff is going to be slow.
You can no longer pass through a line of other dancers.
The ground creaks as gnarled roots bulge its surface.
The ground creaks as gnarled roots bulge its surface.
You block the shambling mangrove's attack.
The shambling mangrove barely misses you.
You furiously retaliate!
You headbutt the shambling mangrove, but do no damage.
You hit the shambling mangrove.
You headbutt the shambling mangrove, but do no damage.
The shambling mangrove is heavily damaged.
The shambling mangrove hits you!!
You die...

♣....♣♣♣♣♣♣.>≈≈≈
♣.≈.......≈≈≈≈≈≈
♣.≈≈.....≈≈≈≈≈≈≈
♣.≈≈.♣♣♣≈.≈≈≈≈≈≈
♣.≈≈.≈≈≈≈§≈.....
♣.≈≈≈....♣≈≈...≈
♣♣♣.≈≈≈≈≈≈≈♣♣≈....
♣♣♣♣♣.f....≈≈≈♣♣♣♣♣...
♣♣≈...@.≈≈≈.≈♣♣♣ ♣♣.≈
♣♣.≈§..≈≈≈≈≈.♣♣ ≈.≈.≈≈
♣.≈≈...≈≈≈≈≈≈♣ ≈....≈
♣.≈≈...≈≈≈≈≈.♣ ≈≈≈.♣♣♣
♣♣..≈≈≈≈≈≈≈.≈♣ ≈≈≈.
♣♣.≈≈≈≈≈≈≈≈♣♣♣ .≈≈
♣§.≈..≈≈....♣ ≈≈...♣..
♣♣..≈.≈.♣..§♣ ≈≈....≈≈
♣♣♣♣.w≈.♣..♣ ≈..).≈≈≈


You could see a shambling mangrove.

Vanquished Creatures
  Gastronok (Lair:1)
  Harold (Lair:2)
  2 hydras (Swamp:1)
  Josephine (Swamp:1)
  4 alligators (Swamp:1)
  Nergalle (Lair:1)
  3 swamp dragons (Swamp:1)
  A rime drake (Lair:1)
  6 spiny frogs
  2 komodo dragons (Lair:3)
  The ghost of Vorrek the Skirmisher, an amateur HOFi of Beogh (D:4)
  2 tyrant leeches (Swamp:1)
  Prince Ribbit (D:7)
  4 hippogriffs
  A hornet (D:9)
  2 shadows (Swamp:1)
  4 wraiths
  3 yaks (Lair:2)
  2 basilisks
  4 vampire mosquitoes (Swamp:1)
  2 hungry ghosts (D:7)
  6 swamp worms
  2 water moccasins (Lair:3)
  3 ice beasts
  A swamp drake (Swamp:1)
  2 porcupines (Lair:2)
  2 sky beasts
  An orc warrior (D:6)
  6 ogres
  2 centaurs
  2 crocodiles
  7 bullfrogs
  A gnoll sergeant (D:7)
  A water moccasin zombie (D:6)
  3 scorpions
  3 killer bees (D:8)
  2 howler monkeys
  A crimson imp (D:8)
  A quasit (D:5)
  3 orc priests
  3 hounds
  A jelly (D:7)
  3 orc wizards (D:8)
  A gnoll shaman (D:4)
  A bullfrog skeleton (D:6)
  A centaur skeleton (D:7)
  3 iguanas
  4 worker ants
  A hound zombie (D:7)
  A hound skeleton (D:4)
  2 mummies
  A worker ant zombie (D:6)
  7 gnolls
  6 adders
  A shadow imp (D:7)
  An ooze (D:2)
  3 adder skeletons
  An adder zombie (D:4)
  5 worms
  3 dart slugs
  11 leopard geckos
  12 orcs
  5 bats
  6 giant cockroaches
  7 goblins
  3 hobgoblins
  10 jackals
  2 quokkas
  3 frilled lizards
  3 gnoll skeletons (Ossuary)
  A jackal skeleton (D:6)
  9 kobolds
  5 kobold skeletons (Ossuary)
  A kobold zombie (D:4)
  17 orc skeletons (Ossuary)
  An orc zombie (D:4)
  A quokka skeleton (D:4)
  A quokka zombie (D:8)
  7 rats
251 creatures vanquished.

Vanquished Creatures (others)
  2 plants (Lair:1)
2 creatures vanquished.

Grand Total: 253 creatures vanquished

Notes
Turn   | Place    | Note
-------+----------+-------------------------------------------
     0 | D:1      | Marnok the Minotaur Fighter began the quest for the Orb.
     0 | D:1      | Reached XP level 1. HP: 19/19 MP: 0/0
    41 | D:1      | Reached XP level 2. HP: 25/27 MP: 1/1
   340 | D:1      | Reached XP level 3. HP: 31/33 MP: 2/2
   591 | D:1      | Reached skill level 3 in Long Blades
   741 | D:2      | Found a shimmering altar of Xom.
   828 | D:2      | Found a hide-covered altar of Uskayaw.
   830 | D:2      | Noticed a hand axe
   832 | D:2      | Noticed a hand axe
   843 | D:2      | Became a worshipper of Uskayaw the Reveler
   864 | D:2      | Reached * piety under Uskayaw
   865 | D:2      | Reached ** piety under Uskayaw
   973 | D:2      | Reached XP level 4. HP: 41/41 MP: 3/3
  1006 | D:4      | Reached *** piety under Uskayaw
  1038 | D:4      | Found a transporter.
  1041 | D:4      | Noticed Vorrek's ghost (amateur HOFi)
  1066 | D:4      | Found a transporter.
  1072 | D:4      | Reached skill level 4 in Long Blades
  1072 | D:4      | Reached skill level 5 in Shields
  1072 | D:4      | Reached XP level 5. HP: 47/47 MP: 4/4
  1077 | D:4      | Reached skill level 1 in Dodging
  1191 | D:4      | Found a sand-covered staircase.
  1201 | Ossuary  | Entered an ossuary
  1201 | Ossuary  | Noticed a wraith
  1201 | Ossuary  | Noticed a wraith
  1201 | Ossuary  | Noticed a wraith
  1213 | Ossuary  | Reached XP level 6. HP: 50/53 MP: 5/5
  1332 | Ossuary  | Noticed a wraith
  1358 | Ossuary  | Killed a wraith
  1358 | Ossuary  | Reached skill level 5 in Long Blades
  1532 | D:4      | Reached skill level 5 in Fighting
  1632 | D:4      | Reached XP level 7. HP: 55/61 MP: 6/6
  1679 | D:5      | Entered Level 5 of the Dungeon
  1730 | D:5      | Reached skill level 6 in Long Blades
  1769 | D:5      | Reached skill level 5 in Armour
  1894 | D:6      | Found a bloodstained altar of Trog.
  1932 | D:4      | Found an iron altar of Okawaru.
  2860 | D:3      | Found a bloodstained altar of Trog.
  2866 | D:3      | Found a snail-covered altar of Cheibriados.
  2869 | D:3      | Found a blossoming altar of Fedhas.
  2972 | D:4      | Got a fine hand crossbow
  3136 | D:4      | Found a stormy altar of Qazlal.
  3733 | D:4      | Killed Vorrek's ghost
  3733 | D:4      | Reached skill level 1 in Stealth
  4185 | D:5      | Found a staircase to the Ecumenical Temple.
  4241 | D:6      | Reached XP level 8. HP: 68/69 MP: 7/7
  4242 | D:6      | Reached skill level 7 in Long Blades
  4243 | D:6      | Reached **** piety under Uskayaw
  4278 | D:6      | Identified the +2 hand crossbow "Wumm" {penet, +Inv rElec
                  | Str-3 Stlth+} (You found it on level 4 of the Dungeon)
  4311 | D:6      | Reached ***** piety under Uskayaw
  4390 | D:6      | Reached skill level 8 in Long Blades
  4445 | D:5      | Found a hazy altar of Hepliaklqana.
  5017 | D:7      | Reached XP level 9. HP: 75/75 MP: 8/8
  5170 | D:7      | Reached skill level 9 in Long Blades
  5483 | D:7      | Noticed Prince Ribbit
  5486 | D:7      | Found a sparkling altar of Nemelex Xobeh.
  5499 | D:7      | Killed Prince Ribbit
  5637 | D:7      | Found a glowing silver altar of Zin.
  6048 | D:8      | Found a staircase to the Lair.
  6284 | D:10     | Entered Level 10 of the Dungeon
  6545 | D:8      | Reached XP level 10. HP: 33/86 MP: 9/9
  6551 | D:8      | Reached ****** piety under Uskayaw
  7070 | Lair:1   | Entered Level 1 of the Lair of Beasts
  7070 | Lair:1   | Noticed Gastronok
  7079 | Lair:1   | Reached skill level 10 in Long Blades
  7120 | Lair:1   | Killed Gastronok
  7120 | Lair:1   | Reached skill level 5 in Dodging
  7316 | Lair:1   | Gained mutation: You are surrounded by a mild repulsion
                  | field. (EV +2) [potion of mutation]
  7316 | Lair:1   | Gained mutation: Your mind is acute. (Int +2) [potion of
                  | mutation]
  7316 | Lair:1   | Gained mutation: You evolve. [potion of mutation]
  7317 | Lair:1   | Lost mutation: Your mind is acute. (Int +2) [potion of
                  | mutation]
  7317 | Lair:1   | Lost mutation: You evolve. [potion of mutation]
  7317 | Lair:1   | Gained mutation: You are clumsy. (Dex -2) [potion of
                  | mutation]
  7317 | Lair:1   | Gained mutation: You occasionally shout uncontrollably at
                  | your foes. [potion of mutation]
  7317 | Lair:1   | Gained mutation: Your system is resistant to poisons.
                  | (rPois) [potion of mutation]
  7698 | Lair:1   | Reached skill level 10 in Shields
  7774 | Lair:1   | Noticed a spiny frog
  7774 | Lair:1   | Noticed an oklob plant
  7774 | Lair:1   | Noticed an oklob plant
  7774 | Lair:1   | Noticed a spiny frog
  7790 | Lair:1   | Killed a spiny frog
  7792 | Lair:1   | Killed a spiny frog
  7792 | Lair:1   | Reached skill level 11 in Long Blades
  8070 | Lair:1   | Noticed Nergalle
  8088 | Lair:1   | Killed Nergalle
  8542 | Lair:2   | Reached XP level 11. HP: 94/94 MP: 10/10
  8780 | Lair:2   | Noticed Harold
  8803 | Lair:2   | Killed Harold
  9313 | Lair:3   | Found a staircase to the Swamp.
  9627 | Lair:4   | Noticed Snorg
  9744 | Lair:3   | Reached skill level 12 in Long Blades
  9840 | Swamp:1  | Entered Level 1 of the Swamp
  9841 | Swamp:1  | Noticed an alligator
  9859 | Swamp:1  | Killed an alligator
 10020 | Swamp:1  | Noticed an alligator
 10024 | Swamp:1  | Noticed an alligator
 10031 | Swamp:1  | Killed an alligator
 10031 | Swamp:1  | Reached skill level 10 in Armour
 10041 | Swamp:1  | Killed an alligator
 10229 | Swamp:1  | Noticed Roxanne
 10239 | Swamp:1  | Noticed Josephine
 10248 | Swamp:1  | Noticed a swamp dragon
 10252 | Swamp:1  | Killed Josephine
 10256 | Swamp:1  | Noticed a swamp dragon
 10265 | Swamp:1  | Killed a swamp dragon
 10282 | Swamp:1  | Killed a swamp dragon
 10293 | Swamp:1  | Reached XP level 12. HP: 33/104 MP: 11/11
 10807 | Swamp:1  | Got a dazzling chain mail
 10903 | Swamp:1  | Noticed an alligator
 10913 | Swamp:1  | Killed an alligator
 10913 | Swamp:1  | Reached skill level 13 in Long Blades
 11113 | Swamp:1  | Noticed a four-headed hydra
 11131 | Swamp:1  | Killed a seven-headed hydra
 11418 | Swamp:1  | Noticed a seven-headed hydra
 11430 | Swamp:1  | Killed a seven-headed hydra
 11430 | Swamp:1  | Reached skill level 1 in Short Blades
 12168 | Swamp:1  | Slain by a shambling mangrove

Skill      XL: |  1  2  3  4  5  6  7  8  9 10 11 12 |
---------------+-------------------------------------+-----
Fighting       | 4 5 6 7 8 9 |  9.6
Shields        | 4 5 6 7 9 10 12 | 12.7
Long Blades    | 3 4 5 6 8 9 11 12 13 | 13.1
Armour         | 4 5 6 8 9 10 | 10.5
Dodging        | 1 2 3 4 5 6 7 |  7.1
Stealth        | 1 2 3 4 |  4.6
Short Blades   | 1 |  1.7

Action                   |  1- 3 |  4- 6 |  7- 9 | 10-12 || total
-------------------------+-------+-------+-------+-------++-------
Melee: Long sword        |    67 |    89 |   294 |   416 ||   866
       Headbutt          |    13 |    39 |    76 |   150 ||   278
       Falchion          |       |    47 |    76 |       ||   123
       Dagger            |       |       |       |    17 ||    17
Invok: Stomp             |       |       |     1 |       ||     1
  Use: Potion            |       |     9 |     4 |    14 ||    27
       Scroll            |       |    10 |     8 |    16 ||    34
 Stab: Paralysed         |       |     3 |    10 |    15 ||    28
  Eat: Ration            |       |     1 |     6 |     3 ||    10
       Chunk             |       |       |     6 |     7 ||    13
Armor: Scale mail        |    33 |    33 |   149 |   145 ||   360
Dodge: Dodged            |    18 |    29 |   135 |   196 ||   378
Block: Shield            |    41 |    80 |   239 |   330 ||   690
       Reflection        |       |       |       |     4 ||     4
       Rpst.: Long sword |     6 |     6 |    29 |    33 ||    74
       Falchion          |       |     5 |     7 |       ||    12
